 Dungeon Crawl Stone Soup version 0.26-a0-540-g8a0c9464d7 (webtiles) character file.

Game seed: 12026977251023943816

667 kae the Ruffian (level 7, -7/58 HPs)
             Began as a Yellow Draconian Transmuter on Aug 20, 2020.
             Was an Initiate of Wu Jian.
             Mangled by an orc warrior
             ... wielding a +0 halberd
              (22 damage)
             ... on level 6 of the Dungeon.
             The game lasted 00:06:03 (5626 turns).

kae the Ruffian (Yellow Draconian Transmuter)       Turns: 5626, Time: 00:06:03

Health: -7/58      AC:  6    Str: 14    XL:     7   Next: 31%
Magic:  0/12       EV: 12    Int: 13    God:    Wu Jian [......]
Gold:   273        SH:  0    Dex: 12    Spells: 10/13 levels left

rFire    . . .     SeeInvis .   p - +1 falchion
rCold    . . .     Faith    .   (no shield)
rNeg     . . .     Spirit   +   (armour unavailable)
rPois    +         Reflect  .   (helmet restricted)
rElec    .         Harm     .   k - scarf {shadows}
rCorr    +                      (no gloves)
MR       .....                  (no boots)
Stlth    +.........             n - amulet of guardian spirit
HPRegen  0.19/turn              i - ring of poison resistance
MPRegen  0.13/turn              (no ring)

@: short of breath
A: spit acid, unfitting armour, cold-blooded, acid resistance, AC +6
a: Breathe Acid, Renounce Religion


You were on level 6 of the Dungeon.
You worshipped Wu Jian.
Wu Jian was noncommittal.
You visited 2 branches of the dungeon, and saw 9 of its levels.

You collected 273 gold pieces.

Inventory:

Hand Weapons
 e - a +0 hand axe
 p - a +1 falchion (weapon)
Armour
 k - a scarf of shadows (worn)
Jewellery
 i - a ring of poison resistance (left hand)
 n - an amulet of guardian spirit (around neck)
Wands
 c - a wand of iceblast (6)
 h - a wand of acid (7)
Scrolls
 a - a scroll of amnesia
 o - a scroll of teleportation
Potions
 b - a potion of stabbing
 d - a potion of cancellation {unknown}
 g - a potion of magic {unknown}
 l - 2 potions of brilliance {unknown}
 m - a potion of might {unknown}
 q - a potion of flight {unknown}


   Skills:
 + Level 3.8 Fighting
 - Level 1.7 Dodging
 * Level 5.9 Unarmed Combat
 + Level 3.7 Spellcasting
 + Level 4.0 Transmutations


You had 10 spell levels left.
You knew the following spells:

 Your Spells              Type           Power        Failure   Level
a - Beastly Appendage     Tmut           #.....       4%          1
b - Wereblood             Tmut           #.......     6%          2

Your spell library contained the following spells:

 Spells                   Type           Power        Failure   Level
 Spider Form              Tmut/Pois      #.........   28%         3
 Confusing Touch          Hex            #.......     54%         3
 Gell's Gravitas          Tloc           #.........   54%         3
 Ice Form                 Ice/Tmut       #.......     67%         4
 Petrify                  Tmut/Erth      #.......     67%         4
 Blade Hands              Tmut           #.........   75%         5
 Yara's Violent Unravell  Hex/Tmut       #.........   95%         5
 Metabolic Englaciation   Hex/Ice        #.........   99%         5


Dungeon Overview and Level Annotations

Branches:
Dungeon (9/15)             Temple (1/1) D:7
   Lair: D:8-11         Orc: D:9-12

Altars:
Ashenzari
Cheibriados
Fedhas
Hepliaklqana
Kikubaaqudgha
Nemelex Xobeh
Qazlal
Ru
Trog
Vehumet
Wu Jian
Xom
Yredelemnul
Zin


Innate Abilities, Weirdness & Mutations

You can spit globs of acid.
Your golden yellow scales are hard. (AC +6)
You cannot fit into any form of body armour.
You are cold-blooded and may be slowed by cold attacks.
You are resistant to acid. (rCorr)


Message History

You start waiting.
An orc warrior is nearby!
Press: ? - help, Shift-Dir - straight line, f - orc warrior
Aim: an orc warrior, wielding a +0 halberd and wearing a +0 chain mail You spit a glob of acid.
The glob of acid hits the orc warrior!
The orc warrior is splashed with acid!
The orc warrior is heavily wounded.
The acid splashes onto you!
You are splashed with acid.
You resist.
The orc warrior hits you with a +0 halberd!!
You closely miss the orc warrior.
The orc warrior is heavily wounded.
The orc warrior hits you with a +0 halberd!
You hit the orc warrior but do no damage.
The orc warrior is heavily wounded.
The orc warrior hits you with a +0 halberd!
* * * LOW HITPOINT WARNING * * *
You closely miss the orc warrior.
The orc warrior is heavily wounded.
The orc warrior hits you with a +0 halberd!!
You die...

..####..#)#####.>.....
...#...#(>............
##...#...##.....######
#.................#
..#..#########.#..##
.##.## ##.>##... .##.#
###..##..... ###.#
#...###.##### ##..#
#.####.@#...# #..##
#.###.o##.#.# ..##
#.#.......#.# .##
##.#...#####.# .#
#..#..## #.## .#
#.#...# #o.## ##
#.#.### ##...## #
....# #.....# # ..##.#
#....##


You could see an orc warrior.

Vanquished Creatures
  A bullfrog (D:7)
  A bullfrog zombie (D:7)
  A hound (D:7)
  4 orc priests
  A jelly (D:6)
  Natasha (D:4)
  4 orc wizards
  An iguana (D:7)
  Terence (D:3)
  Robin (D:2)
  4 adders
  A white imp (D:7)
  An ufetubus (D:6)
  2 oozes
  An adder skeleton (D:3)
  2 worms (D:3)
  A dart slug (D:1)
  4 leopard geckos
  22 orcs
  5 bats
  4 giant cockroaches
  15 goblins
  7 hobgoblins
  3 jackals (D:1)
  2 quokkas
  A ball python (D:2)
  3 frilled lizards
  11 kobolds
  A leopard gecko skeleton (D:6)
  7 rats
113 creatures vanquished.

Vanquished Creatures (others)
  A hound zombie (D:7)
  An orc (D:7)
2 creatures vanquished.

Grand Total: 115 creatures vanquished

Notes
Turn   | Place    | Note
-------+----------+-------------------------------------------
     0 | D:1      | kae the Draconian Transmuter began the quest for the Orb.
     0 | D:1      | Reached XP level 1. HP: 16/16 MP: 3/3
   248 | D:1      | Reached XP level 2. HP: 23/23 MP: 3/5
  1342 | D:2      | Reached XP level 3. HP: 25/29 MP: 4/6
  1766 | D:2      | Noticed Robin
  1802 | D:2      | Killed Robin
  1802 | D:2      | Reached XP level 4. HP: 14/36 MP: 7/7
  2771 | D:3      | Reached skill level 4 in Unarmed Combat
  3257 | D:2      | Reached XP level 5. HP: 39/42 MP: 9/9
  3278 | D:2      | Learned a level 2 spell: Wereblood
  3350 | D:3      | Noticed Terence
  4173 | D:3      | Killed Terence
  4419 | D:4      | Noticed Natasha
  4428 | D:4      | Killed Natasha
  4505 | D:4      | Reached XP level 6. HP: 44/50 MP: 8/10
  4556 | D:4      | You fall into a shaft and drop 3 floors!
  4574 | D:7      | Reached skill level 5 in Unarmed Combat
  4594 | D:7      | Your scales start taking on a golden yellow colour.
  4594 | D:7      | Reached XP level 7. HP: 13/57 MP: 1/12
  4594 | D:7      | Gained mutation: You are resistant to acid. (rCorr) [Yellow
                  | Draconian growth]
  5048 | D:6      | You fall into a shaft and drop 3 floors!
  5048 | D:9      | Noticed a hippogriff
  5105 | D:7      | Found a staircase to the Ecumenical Temple.
  5113 | Temple   | Entered the Ecumenical Temple
  5355 | Temple   | Became a worshipper of the Wu Jian Council
  5626 | D:6      | Mangled by an orc warrior

Illustrated notes

Levels and vault maps discovered:
D:1:      nagdon_arrival_double_spiral, layout_basic, st_stairs_3,
          minmay_misc_feat_ornament, minmay_fountain_box,
          minmay_misc_feat_enclosed, chequers_serial_rivers_micro_c
D:2:      layout_basic, uniq_robin
D:3:      layout_loops_ring, uniq_terence
D:4:      layout_gridville, elyvilon_altar_4, gammafunk_ghost_arena,
          uniq_eustachio, uniq_duvessa, uniq_natasha
D:6:      layout_rooms, okawaru_gym_becter, chequers_serial_rivers_large_a
D:7:      layout_cave_pools, lemuel_blue_sif_altar, overflow_temple_1_default,
          minmay_temple_entry_crystal_x, nrook_mini_vaults, eino_tiny_chamber,
          serial_bayou_pond_d, cheibrodos_ashenzari_chains
D:8:      layout_basic, nicolae_overflow_crystal_walls
D:9:      layout_basic, marbit_many_paths, serial_undead, serial_undead_d,
          serial_undead_e, serial_undead_b, serial_undead_a, grunt_ministairs_8
Temple:   jpeg_temple_clearing

Skill      XL: |  1  2  3  4  5  6  7 |
---------------+----------------------+-----
Fighting       | 2 3 |  3.8
Unarmed Combat | 4 5 |  5.9
Transmutations | 3 4 |  4.0
Spellcasting   | 3 |  3.7
Dodging        | |  1.7

Action                   |  1- 3 |  4- 6 |  7- 9 || total
-------------------------+-------+-------+-------++-------
Melee: Unarmed           |    23 |       |       ||    23
       Tailslap          |     8 |    22 |     6 ||    36
       Headbutt          |     6 |    18 |     3 ||    27
       Hand axe          |    78 |       |       ||    78
       Kick              |    14 |    15 |     6 ||    35
       Punch             |     2 |     4 |     1 ||     7
       Falchion          |       |   128 |    45 ||   173
 Cast: Beastly Appendage |    20 |    21 |     6 ||    47
       Wereblood         |       |     4 |     3 ||     7
 Abil: Breathe Acid      |       |       |     5 ||     5
  Use: Potion            |     1 |     4 |       ||     5
       Scroll            |       |     7 |     1 ||     8
 Stab: Invisible         |       |     2 |     2 ||     4
Armor: Skin              |    39 |    49 |    32 ||   120
Dodge: Dodged            |    94 |   149 |    51 ||   294
       Rpst.: Falchion   |       |    52 |    18 ||    70

Table legend: (Time is in decaauts)
 A = Elapsed time spent in this place.
 B = Non-inter-level travel time spent in this place.
 C = Inter-level travel time spent in this place.
 D = Time resting spent in this place.
 E = Time spent auto-exploring this place.
 F = Levels seen in this place.
 G = Mean time per level.
                   A        B        C        D        E       F      G
               +--------+--------+--------+--------+--------+-----+--------+
         Total |   5776 |   5570 |    206 |   1052 |   3564 |   9 |  641.8 |
       Dungeon |   5509 |   5350 |    159 |   1041 |   3360 |   8 |  688.6 |
        Temple |    267 |    220 |     47 |     11 |    204 |   1 |  267.0 |
               +--------+--------+--------+--------+--------+-----+--------+

Top non-repeatable levels by time:
     D:2: 1694 daAuts
     D:3: 1424 daAuts
     D:1: 1408 daAuts
     D:7: 441 daAuts
     D:6: 341 daAuts
  Temple: 267 daAuts
     D:4: 150 daAuts
     D:9: 44 daAuts
     D:8: 4 daAuts
